 Dungeon Crawl Stone Soup version 0.29-a0-994-gc5c9f59d18 (webtiles) character file.

Game seed: 3443923427951726597

12 ytrimaz the Shield-Bearer (level 2, -1/25 HPs)
             Began as a Formicid Fighter on Aug 3, 2022.
             Killed by an exploding rat (26 damage)
             ... ignited by their inner flame
             ... on level 1 of the Dungeon.
             The game lasted 00:02:06 (968 turns).

ytrimaz the Shield-Bearer (Formicid Fighter)         Turns: 968, Time: 00:02:07

Health: -1/25      AC:  8    Str: 20    XL:     2   Next: 45%
Magic:  2/2        EV:  9    Int:  7    God:
Gold:   66         SH:  5    Dex: 13    Spells: 1/1 levels left

rFire   . . .      SeeInvis +   a - +0 flail
rCold   . . .      Faith    .   c - +0 buckler
rNeg    . . .      Spirit   .   b - +0 scale mail
rPois   .          Reflect  .   (helmet unavailable)
rElec   .          Harm     .   i - +0 cloak
rCorr   .          Rampage  .   (no gloves)
Will    .....                   (no boots)
Stlth   ..........              (no amulet)
HPRegen 0.08/turn               (no ring)
MPRegen 0.08/turn               (no ring)

@: no status effects
A: permanent stasis, dig shafts and tunnels, antennae 3, four strong arms
a: Dig, Shaft Self


You were on level 1 of the Dungeon.
You visited 1 branch of the dungeon, and saw 1 of its levels.

You collected 66 gold pieces.

Inventory:

Hand Weapons
 a - a +0 flail (weapon)
Armour
 b - a +0 scale mail (worn)
 c - a +0 buckler (worn)
 i - a +0 cloak (worn)
Potions
 d - a potion of might
 e - a potion of invisibility {unknown}
 f - a potion of mutation {unknown}
 h - 2 potions of curing {unknown}


   Skills:
 + Level 3.9 Fighting
 + Level 2.2 Maces & Flails
 - Level 3.2 Armour
 - Level 4.0 Shields


You had one spell level left.
You didn't know any spells.
Your spell library was empty.

Dungeon Overview and Level Annotations

Branches:
Dungeon (1/15)

Altars:


Innate Abilities, Weirdness & Mutations

You cannot be hasted, slowed, berserked, paralysed or teleported.
You can dig through walls and to a lower floor.
You have a pair of large antennae on your head. (SInv)
Your four strong arms can wield two-handed weapons with a shield.


Message History

As you read the scroll labelled UGRUIZ CIRACK, it crumbles to dust.
Wisps of shadow whirl around you...
It was a scroll of summoning.
Unknown command.
As you read the scroll labelled BEOGIL RET, it crumbles to dust.
You feel a strange sense of stasis.
It was a scroll of teleportation.
Unknown command.
The air fills with toxic fumes!
As you read the scroll labelled UTALUM ZOOBU, it crumbles to dust.
It was a scroll of poison.
Unknown command.
As you read the scroll labelled EDUMER ZAEKH, it crumbles to dust.
The creatures around you are filled with an inner flame!
It was a scroll of immolation.
Unknown command.
Your dart slug is poisoned.
Press: ? - help, v - describe, . - travel
Here: a dart slug (poison gas, summoned, inner flame, poisoned, friendly)
The floor.
Unknown command.
You swap places.
Flame seeps out of your dart slug.
Your dart slug is engulfed in poison gas.
Your dart slug looks even sicker.
Flame seeps out of your dart slug. As you open the door, it creaks loudly!
Flame seeps out of your dart slug.
Your bat is poisoned.
Your bat is engulfed in poison gas.
Your bat looks even sicker.
Flame seeps out of your bat.
Your bat is engulfed in poison gas.
Your bat looks even sicker.
Flame seeps out of your bat.
Your bat's corpse dissolves into shadows!
Your dart slug's corpse dissolves into shadows!
Your dart slug explodes!
The fiery explosion engulfs your rat!
Your rat's corpse dissolves into shadows!
Your rat explodes!
The fiery explosion engulfs you!!
Ouch! That really hurt!
You die...

#.#....####.#####.#.#.
#.#...............#.#.
#.#§.#§####.####....#.
#.#§.#§§§§#.# #.####.
#.#☼§#§§§§#.# #.# #.
#.#.§#§§§§#.# #.# #.
#.#..☼§§§☼#.# #.# #.
####.#.##☼☼§§#.####.# #.
#.......@§§§§+......# #.
######.##§§§§#..########.
#.###K§☼§§§§......#. #.#
#§#.§§☼§....#.#. #.#
#☼###P###.###.#.
#.###§#...§§....#.#.
#....§#.#P#P#P#.#.#.
#.##.§#.........#.#.
#.###.###P###.###.#.


You could see a friendly kobold (summoned, inner flame).

Vanquished Creatures
  3 bats (D:1)
  2 endoplasms (D:1)
  A hobgoblin (D:1)
  2 jackals (D:1)
  A frilled lizard (D:1)
  A kobold (D:1)
10 creatures vanquished.

Notes
Turn   | Place    | Note
-------+----------+-------------------------------------------
     0 | D:1      | ytrimaz the Formicid Fighter began the quest for the Orb.
     0 | D:1      | Reached XP level 1. HP: 18/18 MP: 1/1
   423 | D:1      | Reached XP level 2. HP: 25/25 MP: 2/2
   928 | D:1      | Found a faded altar of an unknown god.
   968 | D:1      | Killed by an exploding rat... ignited by their inner flame

Illustrated notes

Levels and vault maps discovered:
D:1:      sevenhm_arrival_forest_fort_small_6, layout_basic,
          shapermc_ecumenical_altar_mp_urbaneastern, roderic_roman_lattice

Action                   || total
-------------------------++-------
Melee: Flail             ||    30
  Use: Scroll            ||     5
Armor: Scale mail        ||    25
Dodge: Dodged            ||    14
Block: Buckler           ||     7

Table legend: (Time is in decaauts)
 A = Elapsed time spent in this place.
 B = Non-inter-level travel time spent in this place.
 C = Inter-level travel time spent in this place.
 D = Time resting spent in this place.
 E = Time spent auto-exploring this place.
 F = Levels seen in this place.
 G = Mean time per level.
                   A        B        C        D        E       F      G
               +--------+--------+--------+--------+--------+-----+--------+
         Total |    977 |    973 |      4 |      0 |    829 |   1 |  977.0 |
       Dungeon |    977 |    973 |      4 |      0 |    829 |   1 |  977.0 |
               +--------+--------+--------+--------+--------+-----+--------+

Top non-repeatable levels by time:
     D:1: 977 daAuts
